 Dungeon Crawl Stone Soup version 0.17.0-56-gd8de76c (webtiles) character file.

445 dvd the Shield-Bearer (level 7, -2/55 HPs)
             Began as a Formicid Fighter on Dec 6, 2015.
             Killed from afar by an orc (11 damage)
             ... with a wand of fire
             ... on level 6 of the Dungeon.
             The game lasted 00:07:38 (2286 turns).

dvd the Shield-Bearer (Formicid Fighter)            Turns: 2286, Time: 00:07:39

Health: -2/55      AC:  9    Str: 22      XL:     7   Next: 24%
Magic:  7/7        EV:  9    Int:  7      God:
Gold:   130        SH: 10    Dex:  9 (11) Spells: 0 memorised, 6 levels left

rFire  . . .     SeeInvis +     a - +0 war axe
rCold  . . .     Clarity  +     b - +0 scale mail
rNeg   . . .     SustAt   .     c - +0 shield
rPois  .         Gourm    .     (helmet unavailable)
rElec  .         Spirit   .     r - +0 cloak
rCorr  .         Warding  .     (no gloves)
rMut   .         Stasis   +     (no boots)
MR     .....                    n - amulet of clarity
Stlth  ..........               (no ring)
                                i - +1 ring of protection

@: not resistant to hostile enchantments, extremely unstealthy
A: permanent stasis, dig shafts and tunnels, four strong arms, antennae 3
a: Dig, Shaft Self


You were on level 6 of the Dungeon.
You were not hungry.

You visited 1 branch of the dungeon, and saw 4 of its levels.

You collected 130 gold pieces.

Inventory:

Hand Weapons
 a - a +0 war axe (weapon)
 g - a +0 trident
 p - a +1 flail of holy wrath
 t - a +0 flail
 y - a +0 mace of holy wrath
Missiles
 k - 57 sling bullets
Armour
 b - a +0 scale mail (worn)
 c - a +0 shield (worn)
 r - a +0 cloak (worn)
Jewellery
 i - a +1 ring of protection (left hand)
 n - an amulet of clarity (around neck)
Wands
 x - a wand of lightning (1)
Scrolls
 l - a scroll of enchant weapon {unknown}
 m - a scroll of recharging {unknown}
 o - a scroll of teleportation
 q - 2 scrolls of blinking {unknown}
 s - a scroll of magic mapping {unknown}
 v - a scroll of fear {unknown}
 w - a scroll of identify {unknown}
Potions
 f - a potion of invisibility {unknown}
 h - 2 potions of curing {unknown}
 u - 2 potions of heal wounds {unknown}
Comestibles
 d - 3 chunks of flesh
 e - 4 bread rations
 j - a slice of pizza


   Skills:
 + Level 4.3 Fighting
 + Level 3.3 Axes
 + Level 4.5 Armour
 + Level 2.8 Dodging
 - Level 0.3 Stealth
 + Level 5.8 Shields


You had 6 spell levels left.
You didn't know any spells.

Dungeon Overview and Level Annotations

Branches:
Dungeon (6/15)
 Temple: D:4-7

Altars:
Kikubaaqudgha
Vehumet


Innate Abilities, Weirdness & Mutations

You are under a permanent stasis effect.
You can dig through walls and to a lower floor.
Your four strong arms can wield two-handed weapons with a shield.
You have a pair of large antennae on your head (SInv).


Message History

Okay, then.
Read which item? (? for menu, Esc to quit)
As you read the scroll labeled TAIW ATIROSHREN, it crumbles to dust.
You feel a strange sense of stasis.
It was a scroll of teleportation.
The hound bites you but does no damage. The hound barely misses you.
The crimson imp shouts, "Fly, thou mammering base-court pumpion!"
The crimson imp blinks!
Your shield and scale mail prevent you from hitting the hound.
The hound is severely wounded.
The hound bites you but does no damage. The hound barely misses you.
The crimson imp blinks!
The hound bites you but does no damage.
You closely miss the hound.
The hound is severely wounded.
The hound closely misses you. You block the hound's attack.
You slash the hound!
You kill the hound!
The orc zaps a wand.
The bolt of fire hits you!
The orc zaps a wand.
The bolt of fire hits you!
You die...

###......##.#.#.#.#.##
.........###.⌠.#.⌠(##
#.........#.#.#.#.#
#####..##..#.⌠.#..#
########..##.#.#.#.#.#
......)...###.⌠.#.⌠.##
......##..# ##.....##
......##..## ##'''##
......##...## #.@†##
......#.....#
#.##o#######.
......#.....#
#............
......#.....#
####.{.......
......#.....#
#.........
......#.....#
#......... #.....#
#......... #.....#
#######... #.....# ...


You could see an orc.

Vanquished Creatures
  A black bear (D:6)
  2 scorpions (D:6)
  A vampire bat (D:6)
  2 hounds (D:6)
  A quasit (D:6)
  Jessica (D:2)
  2 adders (D:2)
  An ooze (D:2)
  An adder skeleton (D:6)
  A worm (D:2)
  2 giant geckos (D:3)
  6 orcs
  7 bats
  4 bat skeletons (D:6)
  A bat zombie (D:6)
  2 giant cockroaches
  9 goblins
  4 hobgoblins (D:1)
  2 jackals (D:1)
  6 giant newts
  3 kobolds
  A quokka (D:2)
  3 rats
63 creatures vanquished.

Notes
Turn   | Place    | Note
--------------------------------------------------------------
     0 | D:1      | dvd the Formicid Fighter began the quest for the Orb.
     0 | D:1      | Reached XP level 1. HP: 18/18 MP: 1/1
   117 | D:1      | Reached XP level 2. HP: 18/24 MP: 2/2
   587 | D:2      | Reached XP level 3. HP: 22/30 MP: 3/3
   726 | D:2      | Reached skill level 4 in Shields
   951 | D:2      | Noticed Jessica
   959 | D:2      | Reached skill level 1 in Dodging
   970 | D:2      | Killed Jessica
   970 | D:2      | Reached XP level 4. HP: 29/37 MP: 4/4
  1693 | D:3      | Found a faded altar to an unknown god.
  1713 | D:3      | Became a worshipper of Vehumet
  1713 | D:3      | Reached * piety under Vehumet
  1713 | D:3      | Offered knowledge of Flame Tongue by Vehumet.
  1714 | D:3      | Fell from the grace of Vehumet
  1797 | D:3      | You fall through a shaft for 3 floors!
  1832 | D:6      | Reached XP level 5. HP: 30/42 MP: 5/5
  1865 | D:6      | Reached XP level 6. HP: 34/48 MP: 6/6
  1893 | D:6      | Reached skill level 5 in Shields
  2172 | D:6      | Found an ancient bone altar of Kikubaaqudgha.
  2245 | D:6      | Noticed a black bear
  2263 | D:6      | Killed a black bear
  2263 | D:6      | Reached XP level 7. HP: 24/54 MP: 7/7
  2286 | D:6      | Killed from afar by an orc

Action                   |  1- 3 |  4- 6 |  7- 9 || total
-------------------------+-------+-------+-------++-------
Melee: War axe           |    98 |   157 |    11 ||   266
Invok: Renounce Religion |       |     1 |       ||     1
 Abil: Dig               |       |     6 |     1 ||     7
  Use: Scroll            |       |     1 |     1 ||     2
       Potion            |       |     1 |       ||     1
  Eat: Chunk             |       |     5 |       ||     5
